 Dungeon Sprint DCSS version 0.13-a0-2640-geebf78d (webtiles) character file.

1660 Kae the Destroyer (level 8, -19/31 (41) HPs)
             Began as a Tengu Fire Elementalist on Aug 6, 2013.
             Demolished by a boulder beetle (41 damage)
             ... in the Dungeon (Sprint II: "The Violet Keep of Menkaure").
             The game lasted 00:02:16 (726 turns).

Kae the Destroyer (Tengu Fire Elementalist)          Turns: 726, Time: 00:02:16

HP -19/31 (41)   AC  2     Str  9      XL: 8   Next:  8%
MP  14/23        EV 12     Int 17      God:
Gold 749         SH  0     Dex 15      Spells:  5 memorised,  7 levels left

Res.Fire  : . . .   See Invis. : .   (no weapon)
Res.Cold  : . . .   Warding    : .   a - +0 robe (curse)
Life Prot.: . . .   Conserve   : .   (no shield)
Res.Poison: .       Res.Corr.  : .   (helmet restricted)
Res.Elec. : .       Clarity    : .   (no cloak)
Sust.Abil.: . .     Spirit.Shd : .   (no gloves)
Res.Mut.  : .       Prev.Telep.: +   (boots unavailable)
Res.Rott. : .       Flight     : .   (no amulet)
Saprovore : . . .                    (no ring)
                                     (no ring)

@: slightly resistant to hostile enchantments, fairly stealthy
A: able to fly, beak, talons 3
a: Fly


You were in the Dungeon.
You were hungry.

You visited 1 branch You collected 729 gold pieces.

Inventory:

Armour
 a - a cursed +0 robe (worn)
Comestibles
 c - a bread ration
Scrolls
 i - a scroll of blinking
Potions
 d - a potion of curing
 e - a potion of heal wounds
 f - a potion of speed
 g - a potion of magic
Books
 b - a book of Flames

   Spells                             Type                      Level
   *Flame Tongue                      Conjuration/Fire             1
   *Throw Flame                       Conjuration/Fire             2
   *Conjure Flame                     Conjuration/Fire             3
   Inner Flame                        Hexes/Fire                   3
   *Sticky Flame                      Conjuration/Fire             4
   *Fireball                          Conjuration/Fire             5


   Skills:
 - Level 2.1 Dodging
 - Level 2.0 Stealth
 + Level 7.9 Spellcasting
 * Level 15.0 Conjurations
 + Level 10.0 Fire Magic


You had 7 spell levels left.
You knew the following spells:

 Your Spells              Type           Power        Failure   Level  Hunger
a - Flame Tongue          Conj/Fire      #####        1%          1    None
b - Throw Flame           Conj/Fire      #####.       1%          2    None
c - Conjure Flame         Conj/Fire      #####...     1%          3    ##.....
d - Sticky Flame          Conj/Fire      #####...     1%          4    ###....
e - Fireball              Conj/Fire      #####.....   1%          5    #####..


Dungeon Overview and Level Annotations

Branches:
Dungeon (1/1)

Altars:


Innate Abilities, Weirdness & Mutations

You can fly.
You have a beak for a mouth.
You have claws for feet.


Message History

Confirm with . or Enter, or press ? or * to list all spells.
Aiming: Flame Tongue
Press: ? - help, Shift-Dir - straight line, f/p - boulder beetle
Aim: a boulder beetle (flame, moderately wounded, covered in liquid flames)
The flame hits the boulder beetle.
The boulder beetle appears unharmed.
The boulder beetle is moderately wounded.
The boulder beetle burns!
Unknown command.
Casting: Flame Tongue
Confirm with . or Enter, or press ? or * to list all spells.
Aiming: Flame Tongue
Press: ? - help, Shift-Dir - straight line, f/p - boulder beetle
Aim: a boulder beetle (flame, moderately wounded, covered in liquid flames)
The flame hits the boulder beetle.
The boulder beetle appears unharmed.
The boulder beetle is moderately wounded.
The boulder beetle burns!
The boulder beetle is engulfed in roaring flames.
The boulder beetle bites you!
Ouch! That really hurt!
You die...

##+ ##.####
#.##..#
####...####
##.###'###.#
#...##%##%.##
+.##'<<<'##.+
#...##@##..##
##.###B###.#
### .#$ ###
.. .. ##. .##
## ##


You could see a boulder beetle (burning).

Vanquished Creatures
  A boulder beetle (D)
  Menkaure (D)
  4 necrophages (D)
  4 brain worms (D)
  4 giant centipedes (D)
14 creatures vanquished.

Notes
Turn   | Place    | Note
--------------------------------------------------------------
     0 | D        | Kae, the Tengu Fire Elementalist, began the quest for the Orb.
     0 | D        | Reached XP level 1. HP: 10/10 MP: 3/3
     1 | D        | Noticed a brain worm
     1 | D        | Noticed a brain worm
     1 | D        | Noticed a brain worm
     1 | D        | Noticed a brain worm
     9 | D        | Killed a brain worm
     9 | D        | Reached skill level 7 in Conjurations
     9 | D        | Reached skill level 5 in Fire Magic
     9 | D        | Reached XP level 2. HP: 11/15 MP: 3/6
     9 | D        | Reached XP level 3. HP: 14/19 MP: 4/8
     9 | D        | Reached XP level 4. HP: 18/24 MP: 5/10
    11 | D        | Killed a brain worm
    11 | D        | Reached skill level 9 in Conjurations
    11 | D        | Reached XP level 5. HP: 21/28 MP: 6/14
   259 | D        | Learned a level 2 spell: Throw Flame
   263 | D        | Learned a level 3 spell: Conjure Flame
   268 | D        | Learned a level 4 spell: Sticky Flame
   271 | D        | Killed a brain worm
   271 | D        | Reached skill level 5 in Spellcasting
   271 | D        | Reached skill level 10 in Conjurations
   314 | D        | Killed a brain worm
   314 | D        | Reached skill level 11 in Conjurations
   314 | D        | Reached XP level 6. HP: 28/32 MP: 12/18
   370 | D        | Noticed a boulder beetle
   370 | D        | Noticed a boulder beetle
   373 | D        | Noticed a necrophage
   373 | D        | Noticed a necrophage
   373 | D        | Noticed a necrophage
   373 | D        | Noticed a necrophage
   377 | D        | Killed a necrophage
   377 | D        | Reached skill level 12 in Conjurations
   385 | D        | Killed a necrophage
   385 | D        | Reached skill level 13 in Conjurations
   385 | D        | Reached XP level 7. HP: 36/36 MP: 6/20
   394 | D        | Killed a necrophage
   403 | D        | Killed a necrophage
   403 | D        | Reached skill level 14 in Conjurations
   439 | D        | Learned a level 5 spell: Fireball
   609 | D        | Killed a boulder beetle
   609 | D        | Reached skill level 10 in Fire Magic
   609 | D        | Reached XP level 8. HP: 19/31 MP: 10/23
   714 | D        | Noticed Menkaure
   714 | D        | Killed Menkaure
   714 | D        | Reached skill level 15 in Conjurations
   726 | D        | Demolished by a boulder beetle

Action                   |  1- 3 |  4- 6 |  7- 9 || total
-------------------------+-------+-------+-------++-------
Melee: Unarmed           |     5 |     2 |     5 ||    12
 Cast: Flame Tongue      |     1 |    14 |    25 ||    40
       Conjure Flame     |       |     2 |     3 ||     5
       Sticky Flame      |       |     1 |     5 ||     6
  Use: Potion            |     1 |       |     1 ||     2
